 Dungeon Crawl Stone Soup version 0.28-a0-938-gbc3f381ebc (webtiles) character file.

Game seed: 2406258614402757065

64 dolemite99 the Chopper (level 3, 0/34 HPs)
             Began as a Minotaur Chaos Knight on Nov 29, 2021.
             Was a Plaything of Xom.
             Slain by an adder (3 damage)
             ... on level 2 of the Dungeon.
             The game lasted 00:01:22 (921 turns).

dolemite99 the Chopper (Minotaur Chaos Knight)       Turns: 921, Time: 00:01:23

Health: 0/34       AC:  5    Str: 17    XL:     3   Next: 91%
Magic:  2/2        EV: 11    Int:  9    God:    Xom [..*...]
Gold:   8          SH:  0    Dex:  9    Spells: 2/2 levels left

rFire   . . .      SeeInvis .   a - +0 hand axe (chaos)
rCold   . . .      Faith    .   (no shield)
rNeg    . . .      Spirit   .   b - +2 leather armour
rPois   .          Reflect  .   (helmet restricted)
rElec   .          Harm     .   (no cloak)
rCorr   .          Rampage  .   (no gloves)
Will    .....                   (no boots)
Stlth   +.........              (no amulet)
HPRegen 0.11/turn               (no ring)
MPRegen 0.08/turn               (no ring)

@: mighty
A: horns 2, retaliatory headbutt
a: Renounce Religion


You were on level 2 of the Dungeon.
You worshipped Xom.
You were a toy of Xom.
You visited 1 branch of the dungeon, and saw 2 of its levels.

You collected 8 gold pieces.

Inventory:

Hand Weapons
 a - a +0 hand axe of chaos (weapon)
Armour
 b - a +2 leather armour (worn)
Scrolls
 c - a scroll of silence {unknown}
 d - a scroll of teleportation {unknown}
 e - a scroll of noise {unknown}
 f - a scroll of identify {unknown}
 h - a scroll of vulnerability {unknown}


   Skills:
 + Level 4.5 Fighting
 + Level 4.5 Axes
 - Level 2.4 Armour
 + Level 2.4 Dodging


You had 2 spell levels left.
You didn't know any spells.
Your spell library was empty.

Dungeon Overview and Level Annotations

Branches:
Dungeon (2/15)

Altars:


Innate Abilities, Weirdness & Mutations

You have a pair of horns on your head.
You reflexively headbutt those who attack you in melee.


Message History

You feel sick.
An adder comes into view.
You see here a scroll labelled UTISUM EBUH.
h - a scroll labelled UTISUM EBUH You feel sick.
The adder hisses angrily.
You feel sick.
You are no longer poisoned.
You start resting.
An adder is nearby!
An adder is nearby!
An adder is nearby!
The adder bites you.
You are poisoned.
The adder poisons you!
You miss the adder.
You feel sick. The adder closely misses you. The adder bites you.
You completely miss the adder. You headbutt the adder!
The adder is almost dead.
You feel sick. The adder bites you but does no damage.
You barely miss the adder. Your headbutt misses the adder.
The adder is almost dead.
You feel sick. The adder bites you.
* * * LOW HITPOINT WARNING * * *
You barely miss the adder.
The adder is almost dead.
You feel sick. The adder barely misses you.
The adder bites you but does no damage.
You completely miss the adder.
The adder is almost dead.
You feel sick. The adder bites you.
* * * LOW HITPOINT WARNING * * *
It was a potion of might.
You feel very mighty all of a sudden.
Xom is mildly amused.
You feel sick.
You are no longer poisoned.
The adder closely misses you. The adder bites you.
You die... "I guess I need a new plaything now."

### ..#
#.# #.#
#.#....#.#
#S...#.#^#
##.....#@#
#.?.$..#S#
#......#.#
#....#.#
#....#.#
#.#)..#
##.)..##
#.....#(##
#####.#..#


You could see an adder.

Vanquished Creatures
  Jessica (D:2)
  An adder (D:2)
  A gnoll (D:1)
  2 ball pythons
  3 bats (D:1)
  An endoplasm (D:1)
  2 giant cockroaches (D:1)
  3 goblins
  A hobgoblin (D:1)
  A kobold (D:1)
  A rat (D:1)
17 creatures vanquished.

Notes
Turn   | Place    | Note
-------+----------+-------------------------------------------
     0 | D:1      | dolemite99 the Minotaur Chaos Knight began the quest for
                  | the Orb.
     0 | D:1      | Reached XP level 1. HP: 19/19 MP: 0/0
    66 | D:1      | XOM: divination: detect creatures
   177 | D:1      | XOM: silly message
   181 | D:1      | XOM: silly message
   220 | D:1      | XOM: silly message
   240 | D:1      | Reached XP level 2. HP: 22/27 MP: 1/1
   636 | D:1      | Found a faded altar of an unknown god.
   638 | D:1      | Noticed a golden eye
   643 | D:1      | Noticed an eye of devastation
   647 | D:1      | Noticed a floating eye
   647 | D:1      | Noticed a shining eye
   705 | D:1      | XOM: silly message
   836 | D:1      | XOM: silly message
   894 | D:2      | Noticed Jessica
   900 | D:2      | Killed Jessica
   901 | D:2      | Reached XP level 3. HP: 27/34 MP: 2/2
   921 | D:2      | Slain by an adder

Illustrated notes

Levels and vault maps discovered:
D:1:      eino_arrival_water_cross, layout_basic,
          hellmonk_ecumenical_altar_watching_god
D:2:      layout_basic, uniq_jessica

Skill      XL: |  1  2 |
---------------+-------+-----
Axes           | 4 |  4.5
Fighting       | 4 |  4.5
Dodging        | 2 |  2.4
Armour         | |  2.4

Action                   || total
-------------------------++-------
Melee: Hand axe          ||    42
       Headbutt          ||     4
  Use: Potion            ||     1
Armor: Leather armour    ||    23
Dodge: Dodged            ||    35

Table legend: (Time is in decaauts)
 A = Elapsed time spent in this place.
 B = Non-inter-level travel time spent in this place.
 C = Inter-level travel time spent in this place.
 D = Time resting spent in this place.
 E = Time spent auto-exploring this place.
 F = Levels seen in this place.
 G = Mean time per level.
                   A        B        C        D        E       F      G
               +--------+--------+--------+--------+--------+-----+--------+
         Total |    924 |    909 |     15 |      3 |    759 |   2 |  462.0 |
       Dungeon |    924 |    909 |     15 |      3 |    759 |   2 |  462.0 |
               +--------+--------+--------+--------+--------+-----+--------+

Top non-repeatable levels by time:
     D:1: 887 daAuts
     D:2: 37 daAuts
